 Dungeon Crawl Stone Soup version 0.26.1-2-gb8aa6d0cf2 (webtiles) character file.

Game seed: 15798967071990995748

428 DearestLeader the Frost Mage (level 6, 0/41 HPs)
             Began as a Merfolk Ice Elementalist on Mar 22, 2021.
             Was an Initiate of Vehumet.
             Killed from afar by Blork the orc (5 damage)
             ... with a puff of flame
             ... on level 4 of the Dungeon.
             The game lasted 00:08:08 (4683 turns).

DearestLeader the Frost Mage (MfIE)                 Turns: 4683, Time: 00:08:09

Health: 0/41       AC:  2    Str:  8    XL:     6   Next: 98%
Magic:  2/9        EV: 17    Int: 17    God:    Vehumet [......]
Gold:   172        SH:  0    Dex: 20    Spells: 2/9 levels left

rFire    . . .     SeeInvis .   d - +0 whip
rCold    . . .     Faith    .   (no shield)
rNeg     . . .     Spirit   .   a - +0 robe
rPois    .         Reflect  .   (no helmet)
rElec    .         Harm     .   (no cloak)
rCorr    .         Rampage  .   (no gloves)
Will     .....                  (boots currently unavailable)
Stlth    ++........             (no amulet)
HPRegen  0.13/turn              i - ring of stealth
MPRegen  0.11/turn              k - +6 ring of dexterity

@: glowing, very quick
A: change form in water, swift swim, stealthy swim
a: Renounce Religion


You were on level 4 of the Dungeon.
You worshipped Vehumet.
Vehumet was noncommittal.
You visited 2 branches of the dungeon, and saw 5 of its levels.
You also visited: Ossuary.

You collected 172 gold pieces.

Inventory:

Hand Weapons
 c - a +0 dagger
 d - a +0 whip (weapon)
Armour
 a - a +0 robe (worn)
Jewellery
 i - a ring of stealth (left hand)
 j - an uncursed ring of ice
 k - a +6 ring of dexterity (right hand)
Scrolls
 b - 4 scrolls of amnesia
 f - 3 scrolls of remove curse {unknown}
 h - 2 scrolls of teleportation {unknown}
 s - a scroll of fear {unknown}
 t - a scroll of silence {unknown}
 u - a scroll of blinking {unknown}
 v - a scroll of enchant armour {unknown}
Potions
 e - a potion of cancellation {unknown}
 g - 3 potions of curing {unknown}
 l - 2 potions of flight {unknown}
 m - a potion of ambrosia {unknown}
 n - a potion of haste {unknown}
 o - 2 potions of heal wounds {unknown}
 p - 2 potions of berserk rage {unknown}
 q - a potion of resistance {unknown}
 r - a potion of attraction {unknown}
 w - a potion of brilliance {unknown}


   Skills:
 - Level 2.6 Dodging
 - Level 2.1 Stealth
 - Level 2.0 Spellcasting
 * Level 8.9 Ice Magic


You had 2 spell levels left.
You knew the following spells:

 Your Spells              Type           Power        Failure   Level
a - Freeze                Ice            100%         1%          1
b - Frozen Ramparts       Ice            64%          1%          3
c - Ozocubu's Armour      Ice            32%          1%          3

Your spell library contained the following spells:

 Spells                   Type           Power        Failure   Level
 Hailstorm                Conj/Ice       16%          30%         4
 Summon Ice Beast         Ice/Summ       16%          30%         4


Dungeon Overview and Level Annotations

Branches:
Dungeon (4/15)             Temple (1/1) D:4         Ossuary (visited)

Altars:
Uskayaw
Vehumet

Annotations:
D:4 Blork the orc


Message History

Casting: Freeze (safe; 1% risk of failure)
Confirm with . or Enter, or press ? or * to list all spells.
Aiming: Freeze (safe; 1% risk of failure)
Press: ? - help, Shift-Dir - straight line, f - Blork the orc
Aim: Blork the orc, wielding a +0 long sword and wearing a +0 robe (moderately wounded, fast)
You freeze Blork the orc.
Blork the orc is heavily wounded.
The frozen ramparts melt away.
Blork the orc hits you with a +0 long sword.
* * * LOW HITPOINT WARNING * * *
Blork the orc hits you with a +0 long sword.
* * * LOW HITPOINT WARNING * * *
Your legs become a tail as you enter the water.
Blork the orc begins to cast a cantrip, but forgets the words!
Blork the orc frowns.
Blork the orc is nearby!
Blork the orc begins to cast a cantrip, but forgets the words!
Blork the orc gestures at you while chanting.
The puff of flame hits you.
You die...

................:.........#
....#.........≈≈≈≈≈.......#
....#.......≈≈≈≈≈≈≈≈≈....##
#.........≈≈≈≈≈≈≈≈≈≈≈≈≈..#
##.....$.≈≈≈≈≈≈...≈≈≈≈≈≈.#
..$...†).....o..>.≈≈≈≈≈≈.##
....#.#..≈≈≈≈§≈...≈≈≈≈≈≈..#
... ##...≈≈≈≈§≈≈≈≈≈≈≈≈≈≈..#
. ........≈≈≈@≈≈≈≈≈≈≈≈≈...#
...........≈≈≈≈≈≈≈≈≈....##
..............≈≈≈≈≈......#
.##....>.................#
##.....###.............#
##..#.# #........#....####
..###...####....##...##
#........ #...........
.##.......# ##..........#


There were no monsters in sight!

Vanquished Creatures
  Duvessa (D:4)
  Dowan (D:4)
  A bullfrog skeleton (D:4)
  A centaur skeleton (D:4)
  Terence (D:2)
  A worker ant (D:4)
  3 mummies (Ossuary)
  4 adders
  An ooze (D:2)
  2 worms
  A leopard gecko (D:1)
  An orc (D:4)
  9 bats
  3 giant cockroaches
  4 goblins
  12 hobgoblins
  11 jackals
  A quokka (D:3)
  4 frilled lizards
  A gnoll zombie (Ossuary)
  A hobgoblin zombie (Ossuary)
  9 kobolds
  2 kobold zombies (Ossuary)
  An orc zombie (Ossuary)
  7 rats
83 creatures vanquished.

Notes
Turn   | Place    | Note
-------+----------+-------------------------------------------
     0 | D:1      | DearestLeader the Merfolk Ice Elementalist began the quest
                  | for the Orb.
     0 | D:1      | Reached XP level 1. HP: 13/13 MP: 3/3
   168 | D:1      | Reached XP level 2. HP: 14/19 MP: 0/5
   399 | D:1      | Reached skill level 5 in Ice Magic
   787 | D:1      | Reached XP level 3. HP: 21/24 MP: 1/6
   791 | D:1      | Learned a level 3 spell: Frozen Ramparts
  1363 | D:2      | Reached skill level 6 in Ice Magic
  1514 | D:2      | Reached XP level 4. HP: 26/30 MP: 7/7
  1857 | D:2      | Noticed Terence
  1868 | D:2      | Killed Terence
  2494 | D:3      | Reached XP level 5. HP: 35/35 MP: 4/8
  2498 | D:3      | Learned a level 3 spell: Ozocubu's Armour
  2900 | D:3      | Reached skill level 7 in Ice Magic
  2924 | D:3      | Noticed a phantom
  2944 | D:4      | Found a sand-covered staircase.
  2949 | Ossuary  | Entered an ossuary
  2949 | Ossuary  | Noticed a wraith
  2949 | Ossuary  | Noticed a wraith
  2949 | Ossuary  | Noticed a wraith
  3620 | Ossuary  | Noticed a wraith
  3971 | D:4      | Reached XP level 6. HP: 19/41 MP: 3/9
  4262 | D:4      | Found a staircase to the Ecumenical Temple.
  4276 | Temple   | Entered the Ecumenical Temple
  4300 | Temple   | Became a worshipper of Vehumet
  4623 | D:4      | Reached skill level 8 in Ice Magic
  4652 | D:4      | Noticed Duvessa
  4654 | D:4      | Noticed Dowan
  4660 | D:4      | Noticed Blork the orc
  4665 | D:4      | Killed Duvessa
  4668 | D:4      | Killed Dowan
  4683 | D:4      | Killed from afar by Blork the orc

Illustrated notes

Levels and vault maps discovered:
D:1:      dpeg_arrival_shrine, layout_basic
D:2:      layout_rooms, uniq_terence
D:3:      layout_basic
D:4:      layout_cave_pools, temple_pool_b, enter_ossuary_5, serial_shops, shop,
          okawaru_metal_pillars_1_2, uniq_blork_the_orc, uniq_duvessa
Temple:   roderic_octagonal_lattice_temple

Skill      XL: |  1  2  3  4  5  6 |
---------------+-------------------+-----
Ice Magic      | 5 6 7 8 |  8.9
Dodging        | |  2.6
Stealth        | |  2.1
Spellcasting   | |  2.0

Action                   |  1- 3 |  4- 6 || total
-------------------------+-------+-------++-------
Melee: Dagger            |     6 |       ||     6
       Whip              |    42 |   193 ||   235
       Tailslap          |       |     1 ||     1
 Cast: Freeze            |    27 |    12 ||    39
       Frozen Ramparts   |     2 |    12 ||    14
       Ozocubu's Armour  |       |     5 ||     5
  Use: Scroll            |       |     1 ||     1
 Stab: Sleeping          |     3 |     5 ||     8
Armor: Robe              |     8 |    40 ||    48
Dodge: Dodged            |    59 |   160 ||   219
